 Dungeon Crawl Stone Soup version 0.31-a0-595-g4209ae197b (webtiles) character file.

Game seed: 7874247634382055236

654 AdnanSaban the Cudgeller (level 7, 0/44 HPs)
             Began as a Gargoyle Fighter on Aug 20, 2023.
             Was an Initiate of Okawaru.
             Slain by an orc warrior
             ... wielding a +1 battleaxe of draining
              (10 damage)
             ... on level 5 of the Dungeon.
             The game lasted 00:04:18 (4190 turns).

AdnanSaban the Cudgeller (Gargoyle Fighter)         Turns: 4190, Time: 00:04:19

Health: 0/44       AC: 15    Str: 21    XL:     7   Next: 54%
Magic:  7/7        EV: 10    Int:  9    God:    Okawaru [......]
Gold:   138        SH:  4    Dex:  9    Spells: 6/6 levels left

rFire   . . .        a - +0 flail
rCold   . . .        c - +0 buckler
rNeg    + . .        b - +0 scale mail
rPois   ∞            x - +1 helmet
rElec   +            (no cloak)
rCorr   .            u - +0 pair of gloves
SInv    .            (no boots)
Will    .....        (no amulet) Stlth
                     (no ring)
HPRegen 0.27/turn    (no ring)
MPRegen 0.10/turn

%: no passive effects
@: no status effects
A: sickness immunity, AC +4, negative energy resistance 1, electricity
resistance, torment resistance 1, petrification resistance
a: Renounce Religion


You were on level 5 of the Dungeon.
You worshipped Okawaru.
Okawaru was noncommittal.
You visited 2 branches of the dungeon, and saw 6 of its levels.

You collected 138 gold pieces.

Inventory:

Hand Weapons
 a - a +0 flail (weapon)
Missiles
 w - a boomerang (quivered)
Armour
 b - a +0 scale mail (worn)
 c - a +0 buckler (worn)
 u - a +0 pair of gloves (worn)
 x - a +1 helmet (worn)
Scrolls
 e - 2 scrolls of poison {unknown}
 f - 2 scrolls of noise {unknown}
 g - 2 scrolls of identify {unknown}
 k - 2 scrolls of blinking {unknown}
 l - a scroll of enchant armour {unknown}
 q - a scroll of enchant weapon {unknown}
 s - a scroll of revelation {unknown}
Potions
 d - a potion of might
 h - a potion of haste {unknown}
 i - 5 potions of curing {unknown}
 j - 4 potions of degeneration {unknown}
 m - a potion of enlightenment {unknown}
 n - a potion of heal wounds {unknown}
 o - 2 potions of magic {unknown}
 p - 3 potions of lignification {unknown}
 r - a potion of attraction {unknown}
 t - a potion of mutation {unknown}
 v - a potion of ambrosia {unknown}


   Skills:
 + Level 4.6 Fighting
 + Level 5.3 Maces & Flails
 + Level 0.1 Throwing
 + Level 5.3 Armour
 + Level 1.7 Dodging
 + Level 0.7 Stealth
 + Level 4.3 Shields


You had 6 spell levels left.
You didn't know any spells.
Your spell library was empty.

Dungeon Overview and Level Annotations

Branches:
Dungeon (5/15)             Temple (1/1) D:4

Altars:
Ashenzari
Cheibriados
Dithmenos
Elyvilon
Fedhas
Gozag
Hepliaklqana
Kikubaaqudgha
Makhleb
Okawaru
Qazlal
Ru
Sif Muna
Uskayaw
Wu Jian
Xom
Yredelemnul
Zin
The Shining One

Annotations:
D:3 2 transporters, Opifex's ghost, weakling DsSh


Innate Abilities, Weirdness & Mutations

You are immune to sickness and miasma.
Your stone body is resilient. (AC +4)
You are immune to poison.
You resist negative energy. (rN+)
You are resistant to electric shocks. (rElec)
You are resistant to unholy torment.
You are immune to petrification.


Message History

You barely miss the orc warrior.
The orc warrior is lightly wounded.
The orc warrior closely misses you.
You hit the orc warrior.
The orc warrior is moderately wounded.
The orc warrior hits you with a +1 battleaxe of draining!
The orc warrior hits you with a +1 battleaxe of draining.
You hit the orc warrior but do no damage.
The orc warrior is moderately wounded.
You block the orc warrior's attack.
You barely miss the orc warrior.
The orc warrior is moderately wounded.
The orc warrior closely misses you.
You hit the orc warrior.
The orc warrior is heavily wounded.
The orc warrior closely misses you.
You closely miss the orc warrior.
The orc warrior is heavily wounded.
The orc warrior barely misses you.
You hit the orc warrior.
The orc warrior is heavily wounded.
The orc warrior misses you.
You hit the orc warrior but do no damage.
The orc warrior is heavily wounded.
The orc warrior closely misses you.
The orc warrior hits you but does no damage.
You sock the orc warrior!
The orc warrior is almost dead.
The orc warrior misses you.
You hit the orc warrior but do no damage.
The orc warrior is almost dead.
The orc warrior barely misses you.
You barely miss the orc warrior.
The orc warrior is almost dead.
The orc warrior hits you with a +1 battleaxe of draining!
* * * LOW HITPOINT WARNING * * *
You closely miss the orc warrior.
The orc warrior is almost dead.
The orc warrior hits you with a +1 battleaxe of draining!
You die...

#.##### ########.##
#......o..#
#.######.## #.# #.#
#.# #.# #{# #.# #o#
#.# #@# #.# #(# #.#
#.# .#. #.# #.#
###.# #...######
#.#......###########
#....###...........#


You could see an orc warrior.

Vanquished Creatures
  Menkaure (D:4)
  A black bear (D:4)
  An ogre (D:5)
  An orc priest (D:3)
  3 hounds
  A jelly (D:4)
  An orc wizard (Temple)
  Robin (D:3)
  3 gnolls (D:4)
  5 adders
  An ufetubus (D:4)
  A worm (D:2)
  A dart slug (D:2)
  10 orcs
  4 endoplasms
  7 giant cockroaches (D:1)
  16 goblins
  7 hobgoblins
  3 jackals (D:2)
  6 kobolds
  3 quokkas
  7 ball pythons
  11 bats
  3 frilled lizards
  4 rats
102 creatures vanquished.

Notes
Turn   | Place    | Note
-------+----------+-------------------------------------------
     0 | D:1      | AdnanSaban the Gargoyle Fighter began the quest for the
                  | Orb.
     0 | D:1      | Reached XP level 1. HP: 14/14 MP: 1/1
   148 | D:1      | Reached XP level 2. HP: 19/19 MP: 2/2
   201 | D:1      | Found a faded altar of an unknown god.
   540 | D:1      | Reached XP level 3. HP: 11/24 MP: 3/3
  1410 | D:3      | Found a transporter.
  1416 | D:3      | Reached XP level 4. HP: 29/29 MP: 4/4
  1425 | D:3      | Found a transporter.
  1425 | D:3      | Noticed Opifex's ghost (weakling DsSh)
  1456 | D:3      | Noticed Robin
  1507 | D:3      | Killed Robin
  1665 | D:3      | Found a hazy altar of Hepliaklqana.
  1837 | D:3      | Reached XP level 5. HP: 33/33 MP: 5/5
  2541 | D:4      | Reached skill level 1 in Dodging
  2731 | D:4      | Reached XP level 6. HP: 36/38 MP: 6/6
  2780 | D:4      | Found a staircase to the Ecumenical Temple.
  2781 | D:4      | Noticed a black bear
  2803 | D:4      | Killed a black bear
  2809 | Temple   | Entered the Ecumenical Temple
  2816 | Temple   | Became a worshipper of Warmaster Okawaru
  2944 | D:4      | Noticed Menkaure
  3114 | D:4      | Killed Menkaure
  3115 | D:4      | Reached skill level 5 in Armour
  3115 | D:4      | Reached XP level 7. HP: 18/44 MP: 7/7
  3599 | D:5      | Entered Level 5 of the Dungeon
  3616 | D:5      | Reached skill level 5 in Maces & Flails
  4190 | D:5      | Slain by an orc warrior

Illustrated notes

Levels and vault maps discovered:
D:1:      sevenhm_arrival_forest_fort_small_1, layout_loops_corners,
          ebering_ecumenical_altar_sacrificial
D:2:      layout_rooms, minmay_misc_feat_secret_circle
D:3:      layout_basic, nicolae_hepliaklqana_hazy_memory,
          gammafunk_ghost_mausoleum, uniq_robin
D:4:      layout_loops_ring, minmay_temple_entry_antechambers, uniq_menkaure
D:5:      kennysheep_spiral_hall, layout_loops_ring, lightli_minifort
Temple:   nicolae_temple_no_exploring_needed

Skill      XL: |  1  2  3  4  5  6  7 |
---------------+----------------------+-----
Armour         | 4 5 |  5.3
Maces & Flails | 3 4 5 |  5.3
Dodging        | 1 |  1.7
Fighting       | 4 |  4.6
Shields        | 4 |  4.3
Throwing       | |  0.1
Stealth        | |  0.7

Action                     |  1- 3 |  4- 6 |  7- 9 || total
---------------------------+-------+-------+-------++-------
  Melee: Flail             |   157 |   161 |    74 ||   392
  Throw: Boomerang         |       |       |     3 ||     3
 Armour: Scale mail        |   100 |   130 |    51 ||   281
  Dodge: Dodged            |    85 |    71 |    78 ||   234
  Block: Buckler           |    31 |    35 |    28 ||    94

Table legend: (Time is in decaauts)
 A = Elapsed time spent in this place.
 B = Non-inter-level travel time spent in this place.
 C = Inter-level travel time spent in this place.
 D = Time resting spent in this place.
 E = Time spent auto-exploring this place.
 F = Levels seen in this place.
 G = Mean time per level.
                   A        B        C        D        E       F      G
               +--------+--------+--------+--------+--------+-----+--------+
         Total |   4300 |   4178 |    122 |    325 |   2862 |   6 |  716.7 |
       Dungeon |   4029 |   3913 |    116 |    105 |   2862 |   5 |  805.8 |
        Temple |    271 |    265 |      6 |    220 |      0 |   1 |  271.0 |
               +--------+--------+--------+--------+--------+-----+--------+

Top non-repeatable levels by time:
     D:1: 1026 daAuts
     D:3: 958 daAuts
     D:4: 895 daAuts
     D:5: 594 daAuts
     D:2: 554 daAuts
  Temple: 271 daAuts
